Map: Oceanborn LE

Players

Wayne (Vanya) - Winner!

  • Race: Zerg Zerg
  • Spawn Location: 11:00

Dark

  • Race: Protoss Protoss
  • Spawn Location: 5:00

VOD

Have the link to the VOD?

Description

Time

  • Played on: Oct. 9, 2023, 8:25 p.m.
  • Length: 10:31
Show
View Real Time Build Order
Export as new Build Order

Wayne Zerg - Winner!

Build Orders: 3 Hatch before Pool 

Get SALT Encoding   

  12  0:00  Drone  
  13  0:12  Overlord  
  13  0:17  Drone  
  14  0:31  Drone x2  
  16  0:46  Drone  
  17  0:53  Hatchery  
  16  1:16  Hatchery  
  16  1:18  Drone  
  16  1:22  Drone  
  17  1:32  Extractor  
  16  1:38  Spawning Pool  
  15  1:42  Drone  
  15  1:46  Drone  
  17  1:49  Drone  
  17  1:54  Drone  
  19  2:05  Drone  
  20  2:12  Overlord  
  20  2:25  Queen x2  
  20  2:29  Zergling x2  
  25  2:37  Metabolic Boost  
  25  2:39  Drone x2  
  25  2:40  Zergling x2  
  25  2:43  Zergling x2  
  28  2:51  Zergling x6  
  31  3:06  Overlord  
  31  3:13  Drone  
  31  3:14  Zergling x6  
  35  3:25  Queen  
  35  3:26  Queen  
  39  3:29  Zergling x2  
  40  3:36  Drone x3, Overlord  
  43  3:44  Drone x2  
  44  3:51  Overlord  
  44  3:55  Overlord  
  44  3:59  Drone  
  45  4:09  Drone  
  44  4:11  Drone x2, Hatchery  
  44  4:16  Baneling Nest  
  44  4:20  Zergling x4  
  46  4:34  Drone x3  
  46  4:35  Drone x2, Overlord  
  46  4:37  Zergling x4  
  53  4:40  Zergling x2  
  54  4:48  Evolution Chamber  
  54  4:49  Queen  
  55  4:53  Drone x2  
  55  4:56  Spore Crawler  
  55  4:59  Baneling x4  
  56  5:00  Baneling  
  56  5:03  Zergling x4  
  56  5:05  Zergling x2  
  57  5:15  Zergling x8  
  57  5:19  Drone  
  61  5:24  Drone x2  
  63  5:29  Spore Crawler  
  63  5:31  Drone x2  
  64  5:35  Spore Crawler  
  64  5:39  Zerg Melee Weapons Level 1  
  64  5:40  Drone  
  64  5:41  Drone  
  65  5:43  Drone  
  65  5:44  Drone  
  65  5:47  Extractor  
  65  5:49  Drone x2  
  67  5:53  Drone  
  67  5:54  Drone  
  67  5:56  Drone  
  70  6:01  Drone x2  
  72  6:04  Overlord  
  72  6:07  Drone, Roach Warren  
  72  6:08  Extractor x2, Drone  
  72  6:11  Drone x2  
  74  6:13  Drone  
  74  6:16  Drone x2  
  74  6:17  Drone  
  78  6:23  Overlord  
  78  6:31  Overlord  
  78  6:33  Drone x2  
  78  6:36  Overlord  
  78  6:38  Hatchery  
  78  6:40  Lair  
  78  6:48  Roach x5  
  78  6:53  Overlord  
  87  6:56  Roach x3  
  87  7:00  Extractor x2  
  90  7:03  Roach x3  
  98  7:08  Drone x2  
  98  7:12  Drone  
  98  7:13  Drone  
  98  7:14  Drone x7  
  107  7:17  Baneling x2  
  107  7:23  Drone x2  
  107  7:24  Drone  
  107  7:26  Baneling Nest  
  107  7:29  Roach  
  111  7:34  Overlord  
  111  7:37  Zerg Missile Weapons Level 1, Overlord  
  111  7:40  Overlord  
  111  7:41  Extractor, Drone x3  
  111  7:42  Overlord  
  113  7:45  Glial Reconstitution  
  113  7:48  Overlord  
  113  7:50  Overlord  
  113  7:54  Drone x2  
  113  7:55  Spore Crawler  
  113  7:56  Overseer  
  113  7:57  Roach x2  
  118  8:00  Baneling  
  120  8:05  Roach  
  120  8:06  Roach x4  
  120  8:09  Overlord  
  128  8:14  Extractor, Drone x2  
  128  8:15  Drone x3  
  128  8:16  Overlord  
  132  8:20  Centrifugal Hooks  
  132  8:23  Zergling x10  
  137  8:31  Overlord  
  137  8:34  Zergling x18  
  146  8:43  Ravager x4  
  146  8:44  Ravager  
  146  8:45  Zergling x12  
  157  8:55  Zergling x12  
  163  9:02  Zergling x14  
  170  9:06  Hatchery  
  170  9:09  Drone x4  
  173  9:15  Overlord  
  173  9:17  Baneling x17  
  173  9:18  Baneling x2  
  173  9:22  Zergling x6  
  176  9:28  Zergling x14  
  183  9:34  Overseer  
  183  9:35  Zergling x2  
  183  9:36  Zergling x12  
  190  9:38  Baneling  
  190  9:39  Baneling x6  
  190  9:40  Baneling x2  
  190  9:41  Baneling x2  
  190  9:44  Baneling x7  
  190  9:47  Zergling x2  
  190  9:48  Zergling x6  
  190  9:51  Baneling  
  190  9:52  Baneling x4  
  194  9:54  Zergling x10  
  182  10:03  Zergling x16  
  140  10:19  Drone x2  
Show
View Real Time Build Order
Export as new Build Order

Dark Protoss 

Build Orders: Zealot Archon 

Get SALT Encoding   

  12  0:00  Probe  
  13  0:12  Probe  
  14  0:19  Pylon  
  14  0:24  Probe  
  15  0:37  Probe (Chrono Boost)  
  15  0:40  Gateway  
  16  0:47  Probe (Chrono Boost)  
  17  0:52  Probe (Chrono Boost)  
  17  0:53  Assimilator  
  18  1:03  Probe  
  19  1:15  Probe  
  20  1:22  Gateway  
  20  1:25  Zealot (Chrono Boost)  
  20  1:27  Probe  
  20  1:29  Cybernetics Core  
  23  1:36  Pylon  
  23  1:51  Assimilator  
  23  1:54  Probe  
  24  2:06  Probe  
  24  2:07  Adept (Chrono Boost)  
  27  2:11  Warp Gate  
  27  2:14  Adept (Chrono Boost)  
  29  2:18  Probe  
  30  2:30  Probe  
  30  2:34  Pylon  
  31  2:44  Twilight Council  
  31  2:51  Adept x2  
  31  2:52  Probe  
  36  3:20  Resonating Glaives  
  36  3:21  Adept, Pylon  
  36  3:23  Probe  
  39  3:39  Adept  
  41  3:48  Nexus  
  41  3:59  Probe  
  40  4:11  Probe  
  40  4:12  Adept  
  40  4:14  Dark Shrine  
  43  4:18  Stalker  
  43  4:24  Probe  
  46  4:25  Pylon  
  46  4:36  Probe  
  47  4:41  Robotics Facility  
  47  4:48  Probe (Chrono Boost)  
  48  4:57  Probe (Chrono Boost)  
  48  4:58  Adept x2  
  53  5:02  Probe (Chrono Boost)  
  53  5:03  Probe (Chrono Boost)  
  55  5:14  Probe x2  
  51  5:25  Assimilator  
  51  5:26  Probe  
  51  5:27  Dark Templar, Assimilator, Probe  
  55  5:31  Dark Templar  
  57  5:38  Probe  
  57  5:39  Probe  
  59  5:46  Warp Prism  
  61  5:50  Probe  
  61  5:51  Probe  
  61  5:54  Pylon  
  63  6:02  Probe  
  63  6:03  Probe  
  65  6:15  Nexus, Probe x2  
  67  6:21  Blink  
  67  6:22  Stalker x2  
  71  6:28  Probe  
  71  6:30  Shield Battery  
  71  6:32  Probe, Pylon  
  73  6:41  Probe  
  73  6:44  Forge  
  73  6:47  Pylon  
  74  6:48  Probe  
  74  6:56  Probe  
  74  7:00  Probe  
  75  7:09  Probe (Chrono Boost)  
  75  7:10  Observer  
  75  7:12  Probe (Chrono Boost)  
  75  7:14  Protoss Ground Weapons Level 1 (Chrono Boost)  
  78  7:21  Dark Templar x2, Probe (Chrono Boost)  
  84  7:23  Probe (Chrono Boost)  
  84  7:27  Robotics Bay, Probe (Chrono Boost)  
  84  7:28  Archon, Probe (Chrono Boost)  
  84  7:29  Archon, Pylon  
  86  7:32  Probe  
  86  7:34  Assimilator  
  86  7:35  Probe  
  88  7:38  Assimilator, Probe  
  88  7:44  Probe  
  90  7:47  Probe  
  90  7:50  Probe  
  96  7:53  Stalker  
  96  7:58  Gateway  
  98  7:59  Gateway  
  98  8:01  Gateway  
  98  8:07  Gateway  
  98  8:11  Gateway, Disruptor (Chrono Boost)  
  94  8:13  Gateway  
  94  8:17  Probe x3  
  101  8:24  Stalker x2  
  105  8:29  Probe x3  
  108  8:35  Robotics Facility  
  108  8:39  Gateway, Shield Battery  
  108  8:40  Disruptor  
  112  8:42  Gateway  
  112  8:44  Pylon  
  112  8:46  Pylon  
  112  8:47  Photon Cannon  
  112  8:49  Photon Cannon  
  112  9:01  Stalker x2  
  116  9:14  Stalker x5  
  116  9:16  Disruptor  
  130  9:17  Stalker  
  132  9:28  Shield Battery  
  132  9:30  Pylon  
  132  9:32  Photon Cannon  
  132  9:51  Stalker x2  
  140  9:55  Pylon  
  138  10:05  Stalker x4  
  138  10:06  Stalker  
  140  10:14  Dark Templar x2  
  95  10:24  Stalker  
Tags
 
Add a new tag
Caveats
  • Supply blocks, unpowered buildings, or Contaminate may cause inaccurate times.
  • Supply counts are checked every 10 seconds.